[Event "*** Titled Tuesday Blitz"]
[Site "Chess.com"]
[Date "2021.02.09"]
[Round "10"]
[White "stasiek18"]
[Black "Taktikmonster"]
[Result "1-0"]
[WhiteElo "2375"]
[BlackElo "2276"]
[TimeControl "180+1"]
[EndTime "11:53:09 PST"]
[Termination "stasiek18 won by resignation"]

1. d4 Nf6 2. Bg5 Ne4 3. h4 c5 4.
d5 Qb6 5. Nd2 Nxd2 6. Bxd2 Qxb2 7. e4 d6 8. Rb1 Qxa2 9. Bb5+ Bd7 10. Ne2 Bxb5 11. Rxb5 Qa6 12. c4 Nd7 13. O-O Nb6 14. Qb3 g6 15. Bc3 Rg8 16. Ra1 Rb8 17. Rxa6 bxa6 18. Ra5 Bh6 19. Rxa6 Nd7 20. Qa4 g5 21. Rxa7 Rd8 22. Ra8 e5 23. Rxd8+ Kxd8 24. Qa8+ 1-0

[Event "*** Titled Tuesday Blitz"]
[Site "Chess.com"]
[Date "2021.02.09"]
[Round "10"]
[White "ehrenfeld"]
[Black "Sanyura"]
[Result "0-1"]
[WhiteElo "2523"]
[BlackElo "2656"]
[TimeControl "180+1"]
[EndTime "11:53:14 PST"]
[Termination "Sanyura won by resignation"]

1. e4 c5 2. Nf3 e6 3. d3 Nc6 4. g3 g6 5. Bg2 Bg7 6. O-O Nge7 7. c3 d5 8. Qe2 b6 9. Re1 Ba6 10. e5 h6 11. h4 Qc7 12. a4 g5 13.
hxg5 hxg5 14. Bxg5 Ng6 15. Bf6 Bxf6 16. exf6 O-O-O 17.
Na3 Rdg8 18. Nb5 Qd8 19. b4 Qxf6 20. bxc5 Nf4 21. gxf4 Qxf4 22. Nd6+ Kb8 23. Qe3 Qg4 24. Ng5 Rxg5 25. Qg3 Qh5 0-1

[Event "*** Titled Tuesday Blitz"]
[Site "Chess.com"]
[Date "2021.02.09"]
[Round "10"]
[White "QuintilianoR"]
[Black "KyronGriffith"]
[Result "0-1"]
[WhiteElo "2676"]
[BlackElo "2549"]
[TimeControl "180+1"]
[EndTime "11:53:15 PST"]
[Termination "KyronGriffith won by checkmate"]

1. d4 Nf6 2. c4 g6 3. Nf3 Bg7 4.
Nc3 O-O 5. Bg5 d6 6. e3 h6 7. Bh4 g5 8. Bg3 Nh5 9. Bd3 Nxg3 10. hxg3 c5 11. Nxg5 cxd4 12. exd4 e5 13. Nf3 f5 14. Bc2 Nc6 15. d5 Nb4 16. a3 Nxc2+ 17. Qxc2 Bd7 18. O-O Rc8 19. Qb3 b6 20. Nb5 Bxb5 21. Qxb5 e4 22. Nh4 f4 23. Ng6 fxg3 24. Nxf8 Qxf8 25. fxg3 Bd4+ 26. Kh2 Qe7 27. Qb3 Qe5 28. Rae1 Qh5# 0-1

[Event "*** Titled Tuesday Blitz"]
[Site "Chess.com"]
[Date "2021.02.09"]
[Round "10"]
[White "SaraciNderim"]
[Black "WPWPWP-2015"]
[Result "1-0"]
[WhiteElo "2773"]
[BlackElo "2487"]
[TimeControl "180+1"]
[EndTime "11:53:19 PST"]
[Termination "SaraciNderim won by resignation"]

1. b3 e5 2. Bb2 Nc6 3. e3 Nf6 4. Nf3 Bd6 5. c4 Qe7 6. Nc3 O-O 7. d4 exd4 8. Nxd4 Nxd4 9. Qxd4 Re8 10. Nd5 Qe5 11.
Qxe5 Bxe5 12. Bxe5 Nxd5 13. Bg3 Nb4 14. Kd2 d6 15. Kc3 Nc6 16. c5 dxc5 17. Bb5 Be6 18. Bxc6 bxc6 19. Bxc7 Bd5 20. Rhg1 Re6 21. Bf4 f6 22. h4 Kf7 23. f3 f5 24. g4 g6 25.
gxf5 gxf5 26. Rg5 Bxf3 27. Rxf5+ Rf6 28. Rxc5 Bd5 29. Rg1 Rg6 30. Bg5 h6 31. Rf1+ Ke6 32.
Bf4 a5 33. e4 Bxe4 34. Re5+ 1-0

[Event "*** Titled Tuesday Blitz"]
[Site "Chess.com"]
[Date "2021.02.09"]
[Round "10"]
[White "AlexSuv"]
[Black "Colombiano07"]
[Result "1-0"]
[WhiteElo "2442"]
[BlackElo "2316"]
[TimeControl "180+1"]
[EndTime "11:53:19 PST"]
[Termination "AlexSuv won by resignation"]

1. d4 d5 2. c4 c6 3. Nc3 Nf6 4. e3 Bf5 5. cxd5 cxd5 6. Qb3 Qd7 7. Nf3 Nc6 8. Ne5 Qc7 9. Bb5 e6 10. Qa4 Rc8 11. Qxa7 Bd6 12. Nxc6 bxc6 13. Qxc7 Rxc7 14.
Be2 O-O 15. O-O Rb8 16. Na4 c5 17. dxc5 Bxc5 18. Bd2 Bb4 19. Bxb4 Rxb4 20. Rfc1 Rbb7 21. b3 Kf8 22. f3 Ke7 23. Kf2 Kd6 24. Nc3 e5 25. Nb5+ 1-0

[Event "*** Titled Tuesday Blitz"]
[Site "Chess.com"]
[Date "2021.02.09"]
[Round "10"]
[White "Sofiia_Hryzlova"]
[Black "Piccadilly123"]
[Result "1-0"]
[WhiteElo "2272"]
[BlackElo "2172"]
[TimeControl "180+1"]
[EndTime "11:53:20 PST"]
[Termination "Sofiia_Hryzlova won by checkmate"]

1. e4 e6 2. Qe2 b6 3. Nf3 Bb7 4. g3 Nf6 5. e5 Ne4 6. Bg2 Ng5 7. Nh4 Bxg2 8. Nxg2 h6 9. d4 c5 10. c3 Nc6 11.
Be3 Rc8 12. O-O d6 13. h4 Nh7 14. Na3 dxe5 15. dxe5 Nxe5 16. Rad1 Qf6 17. Bf4 Ng6 18.
Qb5+ Ke7 19. Qd7# 1-0

[Event "*** Titled Tuesday Blitz"]
[Site "Chess.com"]
[Date "2021.02.09"]
[Round "10"]
[White "AlexOstrovskiy"]
[Black "Ekose"]
[Result "1-0"]
[WhiteElo "2762"]
[BlackElo "2604"]
[TimeControl "180+1"]
[EndTime "11:53:31 PST"]
[Termination "AlexOstrovskiy won by resignation"]

1. d4 Nf6 2. Bf4 e6 3. e3 c5 4. Nf3 Nc6 5. Nc3 cxd4 6. exd4 Bb4 7. Bd3 O-O 8. O-O Re8 9. Ne2 d6 10. c3 Ba5 11. Bg5 Qe7 12. Re1 Bd8 13. d5 exd5 14.
Nf4 Be6 15. Nxd5 Qd7 16. Bxf6 Bxf6 17. Nxf6+ gxf6 18. Qd2 Ne5 19. Be4 d5 20. Nxe5 fxe5 21. Qg5+ Kf8 22. Bxh7 e4 23. Rad1 f5 24. Bg6 Re7 25. c4 d4 26. Qf6+ Bf7 27. Bxf7 Rxf7 28. Qh8+ Ke7 29. Qxa8 d3 30. Qxa7 Rg7 31. Qc5+ Ke8 32.
Qd5 Qc8 33. Rxd3 1-0

[Event "*** Titled Tuesday Blitz"]
[Site "Chess.com"]
[Date "2021.02.09"]
[Round "10"]
[White "JQuiroga18"]
[Black "ridnani2021"]
[Result "1-0"]
[WhiteElo "2417"]
[BlackElo "2334"]
[TimeControl "180+1"]
[EndTime "11:53:31 PST"]
[Termination "JQuiroga18 won by checkmate"]

1. e4 c5 2. Nf3 d6 3. d4 cxd4 4. Nxd4 Nf6 5. Nc3 a6 6. g3 e5 7. Nde2 Be7 8. Bg2 O-O 9. a4 Nc6 10. O-O Be6 11. h3 Rc8 12. g4 Na5 13. Ng3 g6 14. Nd5 Bxd5 15. exd5 Nc4 16. b3 Nb6 17. c4 Nbd7 18. Bh6 Re8 19. g5 Nxd5 20. Bxd5 Bxg5 21.
Bxg5 Qxg5 22. Qg4 Qe7 23. Nf5 Qf8 24. Qg5 Nb6 25. Nh6+ Kg7 26. Bxf7 Re7 27. f4 e4 28.
f5 Rxf7 29. fxg6 Rxf1+ 30. Rxf1 Qd8 31. Rf7+ Kh8 32. Rxh7# 1-0

[Event "*** Titled Tuesday Blitz"]
[Site "Chess.com"]
[Date "2021.02.09"]
[Round "10"]
[White "szachuspl"]
[Black "andy_rekt"]
[Result "0-1"]
[WhiteElo "2476"]
[BlackElo "2253"]
[TimeControl "180+1"]
[EndTime "11:53:33 PST"]
[Termination "andy_rekt won by resignation"]

1. h4 d5 2. c4 d4 3. e3 e5 4. Nf3 Nc6 5. a3 a5 6. b3 Bc5 7. e4 d3 8. Bb2 Nf6 9. Nc3 Ng4 10. Qb1 Nxf2 11. Rg1 Bg4 12. Nd5 Bxf3 13. gxf3 Qxh4 14.
Ne3 Nh3+ 15. Kd1 Nxg1 16. Qxd3 Rd8 17. Nd5 O-O 18. Kc2 Nd4+ 19. Bxd4 Bxd4 20. Rb1 c6 21. Ne3 Nxf3 22. Nf5 Qf2 23. Be2 Be3 24. Qxe3 Rxd2+ 25. Qxd2 Nxd2 26. Kxd2 Rd8+ 0-1

[Event "*** Titled Tuesday Blitz"]
[Site "Chess.com"]
[Date "2021.02.09"]
[Round "10"]
[White "CoachHakia"]
[Black "NaciSAN"]
[Result "0-1"]
[WhiteElo "2159"]
[BlackElo "2306"]
[TimeControl "180+1"]
[EndTime "11:53:33 PST"]
[Termination "NaciSAN won by resignation"]

1. d4 Nf6 2. Bg5 g6 3. Bxf6 exf6 4. g3 f5 5. Bg2 h5 6. h4 Bh6 7. e3 O-O 8. Ne2 d6 9. Nd2 c6 10. c4 a5 11. O-O Nd7 12. Qc2 Nf6 13. a3 Ng4 14.
Qd3 Re8 15. Nf4 a4 16. Rfe1 Bd7 17. Rad1 Qa5 18. d5 c5 19. Re2 b5 20. Rde1 bxc4 21.
Nxc4 Qa6 22. Rc2 Bb5 23. Bf1 Ne5 24. Qc3 Bxf4 25. exf4 Nf3+ 26. Qxf3 Rxe1 27. Qc3 Bxc4 28. Qxc4 Qxc4 29. Rxc4 Rb1 30. Rc2 Rb8 31. Re2 R8xb2 32.
Re8+ Kg7 0-1

[Event "*** Titled Tuesday Blitz"]
[Site "Chess.com"]
[Date "2021.02.09"]
[Round "10"]
[White "MVM2008"]
[Black "jorquerino"]
[Result "0-1"]
[WhiteElo "2121"]
[BlackElo "2286"]
[TimeControl "180+1"]
[EndTime "11:53:33 PST"]
[Termination "jorquerino won on time"]

1. e4 d5 2. exd5 Nf6 3. Nf3 Nxd5 4. c4 Nb6 5. d4 g6 6. Nc3 Bg7 7. c5 Nd5 8. Bc4 c6 9. Nxd5 cxd5 10. Bb5+ Nc6 11.
Bf4 Qa5+ 12. Bd2 Qxb5 13. Bc3 O-O 14. Kd2 Bh6+ 15. Ke1 Re8 16. b3 Bg4 17. a4 Qa6 18.
b4 Qc4 19. Qc2 Bxf3 20. gxf3 Nxd4 21. Qb2 Nxf3+ 22. Kd1 Qd3+ 23. Bd2 Bxd2 0-1

[Event "*** Titled Tuesday Blitz"]
[Site "Chess.com"]
[Date "2021.02.09"]
[Round "10"]
[White "MuhittinBuker"]
[Black "CraiggoryC"]
[Result "1-0"]
[WhiteElo "2064"]
[BlackElo "2156"]
[TimeControl "180+1"]
[EndTime "11:53:35 PST"]
[Termination "MuhittinBuker won by resignation"]

1. d4 Nf6 2. c4 g6 3. Nc3 Bg7 4. e4 O-O 5. Nf3 c5 6. d5 d6 7. Be2 e6 8. O-O exd5 9. cxd5 a6 10. a4 Nbd7 11. Ne1 Rb8 12. Bf4 Ne8 13. h3 Ne5 14. Nd3 Qe7 15. Nxe5 Bxe5 16. Be3 Bd7 17. f3 b5 18. axb5 axb5 19. Ra7 Qd8 20. Qd2 b4 21. Nd1 Nc7 22. Bh6 Re8 23. Ne3 Nb5 24.
Ra6 Nd4 25. Nc4 Bb5 26. Ra7 Nxe2+ 27. Qxe2 Bd4+ 28. Kh1 Qh4 29. Bc1 f5 30. b3 fxe4 31. fxe4 Rxe4 32. Qf3 Bxc4 33. Qf7+ Kh8 34. Qf8+ 1-0

[Event "*** Titled Tuesday Blitz"]
[Site "Chess.com"]
[Date "2021.02.09"]
[Round "10"]
[White "Chopper1905"]
[Black "annacramling"]
[Result "1-0"]
[WhiteElo "2946"]
[BlackElo "2100"]
[TimeControl "180+1"]
[EndTime "11:53:36 PST"]
[Termination "Chopper1905 won by resignation"]

1. d4 Nf6 2. c4 e6 3. Nc3 d5 4. Nf3 c6 5. g3 Be7 6. Bg2 Nbd7 7.
O-O b6 8. Bf4 Bb7 9. cxd5 exd5 10. Qc2 Rc8 11. Rad1 O-O 12. Ne5 Nxe5 13. dxe5 Nd7 14.
e4 Bg5 15. exd5 Bxf4 16. gxf4 cxd5 17. Qf5 g6 18. Qh3 Rc4 19. Nxd5 Bxd5 20. Rxd5 Rc7 21.
Rfd1 Qc8 22. Rxd7 1-0

[Event "*** Titled Tuesday Blitz"]
[Site "Chess.com"]
[Date "2021.02.09"]
[Round "10"]
[White "theultimatehunter"]
[Black "Problematique_99"]
[Result "0-1"]
[WhiteElo "2260"]
[BlackElo "2457"]
[TimeControl "180+1"]
[EndTime "11:53:37 PST"]
[Termination "Problematique_99 won by resignation"]

1. d4 Nf6 2. Nf3 e6 3. c4 c5 4. d5 d6 5. Nc3 exd5 6. cxd5 g6 7.
g3 Bg7 8. Bg2 O-O 9. O-O Re8 10.
Nd2 Nbd7 11. e4 Ne5 12. Qc2 c4 13. f4 Nd3 14. Nxc4 Nxc1 15. Raxc1 Ng4 16. Qe2 b5 17.
Nd2 b4 18. Nb5 Qb6+ 19. Kh1 Ne3 20. Rc6 Nxf1 21. Rxb6 Nxd2 22. Rxd6 Nxe4 23. Bxe4 Bf5 24. Nc7 Bxe4+ 25. Kg1 Rac8 26. Nxe8 Rc1+ 27. Kf2 Bd4+ 28. Qe3 Rc2+ 29. Kf1 Bg2+ 30. Ke1 Bxe3 31. Rd8 Bf3 0-1

[Event "*** Titled Tuesday Blitz"]
[Site "Chess.com"]
[Date "2021.02.09"]
[Round "10"]
[White "jamalm2"]
[Black "YIYUKI"]
[Result "0-1"]
[WhiteElo "1934"]
[BlackElo "2158"]
[TimeControl "180+1"]
[EndTime "11:53:37 PST"]
[Termination "YIYUKI won by checkmate"]

1. e4 e5 2. Nf3 Nc6 3. Bc4 Bc5 4. c3 Nf6 5. d4 exd4 6. cxd4 Bb4+ 7. Bd2 Bxd2+ 8.
Nbxd2 d5 9. exd5 Nxd5 10. O-O O-O 11. Ne4 Bg4 12. Nc3 Nf4 13. d5 Ne5 14. Be2 Nxe2+ 15.
Qxe2 Re8 16. Qd1 Qf6 17. Ne4 Nxf3+ 18. gxf3 Qxf3 19. Qxf3 Bxf3 20. Nc3 Re5 21. h4 Rae8 22. Rac1 g5 23. hxg5 Rxg5+ 24. Kh2 Rg2+ 25. Kh3 Re5 26. Rg1 Rh5# 0-1

[Event "*** Titled Tuesday Blitz"]
[Site "Chess.com"]
[Date "2021.02.09"]
[Round "10"]
[White "Artem_Sadovsky"]
[Black "mapleaff"]
[Result "1-0"]
[WhiteElo "2547"]
[BlackElo "2422"]
[TimeControl "180+1"]
[EndTime "11:53:39 PST"]
[Termination "Artem_Sadovsky won by resignation"]

1. Nf3 b6 2. g3 Bb7 3. Bg2 e6 4. O-O Nf6 5. b3 Be7 6. Bb2 O-O 7. c4 c5 8. d4 cxd4 9. Nxd4 Bxg2 10. Kxg2 Qc8 11.
e3 Qb7+ 12. Qf3 Nc6 13. Nc3 Rfd8 14. Rfd1 Rac8 15. Rd2 d5 16. Nxc6 Qxc6 17. cxd5 Nxd5 18. Nxd5 Rxd5 19. Rc1 Rc5 20. Qxc6 R5xc6 21. Rxc6 Rxc6 22.
Rd7 Bf6 23. Bxf6 gxf6 24. Rxa7 Rc2 25. Kf3 Kg7 26. h4 h5 27. a4 Rb2 28. Rb7 Rxb3 29. a5 b5 30. a6 Ra3 31. a7 b4 32. Ke4 b3 33. Kd3 b2+ 34. Kc2 b1=Q+ 35. Kxb1 Kg6 36. Kb2 Ra6 37. Kb3 f5 38. Kb4 Kf6 39. f4 Ra1 40. Kb5 e5 41. Rb6+ Ke7 42. Ra6 1-0

[Event "*** Titled Tuesday Blitz"]
[Site "Chess.com"]
[Date "2021.02.09"]
[Round "10"]
[White "superchess02"]
[Black "MITerryble"]
[Result "0-1"]
[WhiteElo "2791"]
[BlackElo "2940"]
[TimeControl "180+1"]
[EndTime "11:53:40 PST"]
[Termination "MITerryble won by resignation"]

1. d4 e6 2. c4 Bb4+ 3. Bd2 Qe7 4. Nf3 Nf6 5. g3 Nc6 6. Bg2 Bxd2+ 7. Qxd2 Ne4 8. Qc2 Qb4+ 9. Nbd2 Nxd2 10. Qxd2 Qxc4 11.
O-O Qb4 12. Qf4 d6 13. a3 Qb5 14. e4 O-O 15. b4 e5 16. dxe5 dxe5 17. Qh4 f6 18.
Rfc1 Be6 19. Bf1 Qb6 20. Bh3 Bf7 21. Bd7 Nd8 22. Qh3 Ne6 23. a4 Rad8 24. a5 Qd6 25. Rd1 Qe7 26. Ba4 Qxb4 0-1

[Event "*** Titled Tuesday Blitz"]
[Site "Chess.com"]
[Date "2021.02.09"]
[Round "10"]
[White "xberli"]
[Black "MillyNeuf"]
[Result "1-0"]
[WhiteElo "2454"]
[BlackElo "2318"]
[TimeControl "180+1"]
[EndTime "11:53:42 PST"]
[Termination "xberli won by resignation"]

1. Nf3 Nf6 2. g3 d5 3. Bg2 e6 4. O-O Be7 5. d4 O-O 6. c4 dxc4 7. Qc2 a6 8. a4 Bd7 9. Ne5 Nc6 10. Nxd7 Qxd7 11.
e3 Na5 12. Nd2 Rab8 13. Nxc4 Nxc4 14. Qxc4 c6 15. Rd1 Rfc8 16. e4 b5 17. Qc2 Bb4 18.
Bf4 Rb7 19. h4 Qe7 20. Qe2 c5 21. axb5 axb5 22. Bg5 h6 23. Bxf6 Qxf6 24. e5 Qe7 25.
Bxb7 Qxb7 26. Rac1 c4 27. b3 c3 28. d5 exd5 29.
e6 Re8 30. exf7+ Kxf7 31. Qf3+ Kg8 32. Rxd5 Qc6 33. Kg2 Ba3 34. Rxc3 Qe6 35. Re3 Qf7 36. Rxb5 Re4 37. Qxf7+ Kxf7 38. Rxe4 1-0

[Event "*** Titled Tuesday Blitz"]
[Site "Chess.com"]
[Date "2021.02.09"]
[Round "10"]
[White "Artem_Koval"]
[Black "CSB7"]
[Result "0-1"]
[WhiteElo "2246"]
[BlackElo "2534"]
[TimeControl "180+1"]
[EndTime "11:53:43 PST"]
[Termination "CSB7 won by resignation"]

1. d4 Nf6 2. Bf4 d5 3. e3 c5 4. c3 Nc6 5. Nd2 e6 6. Bd3 Bd6 7.
Bxd6 Qxd6 8. f4 cxd4 9. cxd4 Bd7 10. a3 O-O 11. Ngf3 Ne7 12. Ne5 Nf5 13. Qf3 Qb6 14. b4 Bb5 15. O-O Nd6 16. g4 Bxd3 17. Nxd3 Nfe4 18.
Nb3 Qb5 19. Ndc5 b6 20. Nxe4 Nxe4 21. Rfc1 Rac8 22. Qf1 Qa4 23. Qd3 Rxc1+ 24. Rxc1 Qxa3 25. Rc7 Qxb4 26. f5 Qe1+ 27. Kg2 Qf2+ 28. Kh1 Qf3+ 29. Kg1 Qxg4+ 30. Kf1 Qxf5+ 31. Ke1 Qf2+ 32. Kd1 Qg1+ 33. Kc2 Qxh2+ 34. Kb1 Qxc7 0-1

[Event "*** Titled Tuesday Blitz"]
[Site "Chess.com"]
[Date "2021.02.09"]
[Round "10"]
[White "Vesper2018"]
[Black "esapunov"]
[Result "1-0"]
[WhiteElo "2605"]
[BlackElo "2719"]
[TimeControl "180+1"]
[EndTime "11:53:46 PST"]
[Termination "Vesper2018 won by resignation"]

1. e4 c5 2. Nc3 d6 3. Nge2 Nc6 4. d4 cxd4 5. Nxd4 Nf6 6. Bc4 e6 7. Be3 Be7 8. Qe2 O-O 9. O-O-O d5 10. Bb3 Re8 11. f4 Bb4 12. e5 Bxc3 13. bxc3 Ne4 14. Qe1 Qa5 15. Kb2 Bd7 16. c4 Qxe1 17. Rhxe1 dxc4 18. Bxc4 Nxd4 19. Bxd4 Bc6 20. Bd3 f5 21. exf6 Nxf6 22. Bxf6 gxf6 23. Bc4 Kg7 24. Bxe6 Bxg2 25. Rd7+ Kh8 26. f5 Bc6 27. Rf7 Rf8 28. Rc7 Rad8 29. Re3 Bd5 30. Rh3 1-0

[Event "*** Titled Tuesday Blitz"]
[Site "Chess.com"]
[Date "2021.02.09"]
[Round "10"]
[White "AttackSparrow"]
[Black "rogapa"]
[Result "1-0"]
[WhiteElo "2498"]
[BlackElo "2704"]
[TimeControl "180+1"]
[EndTime "11:53:46 PST"]
[Termination "AttackSparrow won on time"]

1. e4 c5 2. c3 d5 3. exd5 Qxd5 4. d4 Nc6 5. Nf3 Bf5 6. Be3 cxd4 7. Nxd4 Nxd4 8.
Qxd4 Qxd4 9. Bxd4 Nf6 10. Bb5+ Bd7 11. Na3 e6 12. Bxd7+ Kxd7 13. Nc4 Be7 14. O-O-O Kc8 15. Be5 Ne4 16. Rd4 Nf6 17. Rhd1 b6 18. Nd6+ Bxd6 19.
Rxd6 Rf8 20. Rc6+ Kb7 21. Rc7+ Ka6 22. Bxf6 gxf6 23. Rdd7 Rg8 24. g3 Rg5 25. Rxf7 Rf5 26. f4 h5 27. a4 h4 28. b4 1-0

[Event "*** Titled Tuesday Blitz"]
[Site "Chess.com"]
[Date "2021.02.09"]
[Round "10"]
[White "FMalexhdez"]
[Black "Khnykin_Nikolay"]
[Result "0-1"]
[WhiteElo "2165"]
[BlackElo "2072"]
[TimeControl "180+1"]
[EndTime "11:53:50 PST"]
[Termination "Khnykin_Nikolay won by resignation"]

1. e4 e6 2. d4 d5 3. Nd2 c5 4.
Ngf3 Nc6 5. exd5 exd5 6. Be2 Nf6 7. O-O Bd6 8. dxc5 Bxc5 9. Nb3 Bb6 10. c3 O-O 11. Nbd4 Bg4 12. h3 Bh5 13. Bg5 Re8 14.
Re1 Nxd4 15. Nxd4 Bxe2 16. Rxe2 Qd6 17. Bxf6 Qxf6 18. Nf3 h6 19. Rxe8+ Rxe8 20. Qxd5 Re2 21. Qxb7 Rxf2 22. Kh1 Qg6 23. Ne5 Qg3 24. Qa8+ Kh7 25. Qe4+ f5 26. Qd5 Bc7 27. Re1 Bxe5 28. Qxe5 Rf1+ 0-1

[Event "*** Titled Tuesday Blitz"]
[Site "Chess.com"]
[Date "2021.02.09"]
[Round "10"]
[White "juli2512"]
[Black "HanSchut"]
[Result "0-1"]
[WhiteElo "2167"]
[BlackElo "2268"]
[TimeControl "180+1"]
[EndTime "11:53:52 PST"]
[Termination "HanSchut won by resignation"]

1. e4 c5 2. d3 g6 3. f4 Bg7 4. g3 e6 5. Bg2 Ne7 6. Nf3 Nbc6 7.
O-O O-O 8. c3 Rb8 9. Na3 b5 10.
Nc2 a5 11. g4 b4 12. Bd2 a4 13. a3 bxc3 14. bxc3 Rb3 15. Qe1 f5 16. gxf5 exf5 17. e5 Ba6 18. Qe3 Qb6 19. Nfe1 g5 20. fxg5 Bxe5 21.
h4 Bxc3 22. Bxc3 Rxc3 23. Rd1 Qb3 24. h5 Rxc2 25. Nxc2 Qxc2 26. g6 Qc3 27. Qg5 Qf6 28. Qg3 hxg6 29. Be4 Qd4+ 30. Kh2 fxe4 31. Rxf8+ Kxf8 32. Rf1+ Kg8 33. hxg6 Qe5 34. Qxe5 Nxe5 0-1

[Event "*** Titled Tuesday Blitz"]
[Site "Chess.com"]
[Date "2021.02.09"]
[Round "10"]
[White "Vincent_Vega95"]
[Black "Korchmar_Vasiliy"]
[Result "0-1"]
[WhiteElo "2715"]
[BlackElo "2604"]
[TimeControl "180+1"]
[EndTime "11:53:53 PST"]
[Termination "Korchmar_Vasiliy won by resignation"]

1. d4 Nf6 2. c4 c6 3. Nf3 d5 4. Nc3 a6 5. c5 Bf5 6. Bf4 Nbd7 7. e3 e6 8. Nd2 Be7 9. Be2 O-O 10. O-O Qc8 11.
b4 Re8 12. a4 Bd8 13. Bd6 e5 14. Nf3 Bc7 15. dxe5 Nxe5 16. Bxe5 Bxe5 17. Nxe5 Rxe5 18. Qd4 Qe6 19. b5 Ne4 20. bxc6 bxc6 21. Bd3 Qe7 22. Bxe4 Bxe4 23. f4 Re6 24. f5 Re5 25. f6 gxf6 26. Rf4 Bg6 27. Raf1 Rxe3 28. Rxf6 Rd3 29. Qb4 Qe3+ 30.
Kh1 Rxc3 0-1

[Event "*** Titled Tuesday Blitz"]
[Site "Chess.com"]
[Date "2021.02.09"]
[Round "10"]
[White "francyIM"]
[Black "Witik"]
[Result "0-1"]
[WhiteElo "2575"]
[BlackElo "2716"]
[TimeControl "180+1"]
[EndTime "11:53:59 PST"]
[Termination "Witik won by resignation"]

1. d4 d5 2. Nf3 e6 3. Bf4 Bd6 4. Bg3 f5 5. e3 Nf6 6. c4 O-O 7. c5 Be7 8. Nbd2 Ne4 9. Rc1 Nd7 10. b4 c6 11. Nb3 Bf6 12. Bd3 Nxg3 13. hxg3 g6 14.
Be2 e5 15. dxe5 Nxe5 16. Nxe5 Bxe5 17. Kd2 a5 18. b5 cxb5 19. Nd4 a4 20. Qc2 b4 21.
Rb1 Qa5 22. Rb2 Re8 23. Bf3 Be6 24. Rhb1 b3+ 25. Qc3 Qxc3+ 26. Kxc3 Rec8 27. axb3 Rxc5+ 28. Kb4 Bd6 29. bxa4 Bd7 30. Ra2 Rc1+ 0-1

[Event "*** Titled Tuesday Blitz"]
[Site "Chess.com"]
[Date "2021.02.09"]
[Round "10"]
[White "Loy_Konstantin"]
[Black "hypert"]
[Result "0-1"]
[WhiteElo "2380"]
[BlackElo "2513"]
[TimeControl "180+1"]
[EndTime "11:54:01 PST"]
[Termination "hypert won on time"]

1. e4 c5 2. Nf3 e6 3. d3 Nc6 4. g3 d5 5. Nbd2 Nf6 6. Bg2 Bd6 7. O-O O-O 8. Re1 Qc7 9. c3 b5 10. Qe2 Be7 11. e5 Nd7 12. Nf1 b4 13. c4 dxc4 14.
dxc4 Bb7 15. b3 a5 16. h4 a4 17. Bg5 axb3 18. Bxe7 Nxe7 19. axb3 Rxa1 20. Rxa1 Bxf3 21. Bxf3 Nxe5 22. Be4 N5c6 23. Qh5 f5 24. Bxc6 Nxc6 25. Ne3 Nd4 26. Qd1 f4 27. Nf1 fxg3 28. Nxg3 Qf4 29. Ra2 Nf3+ 30. Kf1 Qxh4 31. Qd6 Qh3+ 32. Ke2 Nd4+ 33.
Ke3 Nf5+ 0-1

[Event "*** Titled Tuesday Blitz"]
[Site "Chess.com"]
[Date "2021.02.09"]
[Round "10"]
[White "LamaChampetre"]
[Black "dopolian"]
[Result "0-1"]
[WhiteElo "2230"]
[BlackElo "2384"]
[TimeControl "180+1"]
[EndTime "11:54:01 PST"]
[Termination "dopolian won on time"]

1. d4 Nf6 2. c4 c5 3. d5 e6 4. Nc3 exd5 5. cxd5 d6 6. g3 g6 7. Bg2 Bg7 8. Nf3 O-O 9. O-O Re8 10. Bf4 Ne4 11. Nxe4 Rxe4 12. Nd2 Rxf4 13. gxf4 Bxb2 14. Rb1 Bg7 15. Nc4 b5 16. Ne3 Ba6 17. f5 Nd7 18. fxg6 hxg6 19. Qd2 Ne5 20. f4 Nc4 21. Nxc4 bxc4 22. Rf3 Bd4+ 23. e3 c3 24. Qc2 Bg7 25. e4 Bd4+ 26. Kh1 Rb8 27. Rb3 Rxb3 28. axb3 Qa5 29. Qc1 c2 30. f5 Qa1 31.
Qxa1 Bxa1 0-1

[Event "*** Titled Tuesday Blitz"]
[Site "Chess.com"]
[Date "2021.02.09"]
[Round "10"]
[White "eljanov"]
[Black "Forantes"]
[Result "1-0"]
[WhiteElo "2880"]
[BlackElo "2407"]
[TimeControl "180+1"]
[EndTime "11:54:03 PST"]
[Termination "eljanov won by resignation"]

1. Nf3 Nf6 2. c4 g6 3. Nc3 d5 4. cxd5 Nxd5 5. h4 h5 6. e4 Nb6 7. d4 Bg7 8. Be3 O-O 9. Qd2 Nc6 10. d5 Na5 11. Bd4 e5 12. Nxe5 Re8 13. Nf3 Nac4 14. Bxc4 Nxc4 15. Qe2 Bxd4 16. Nxd4 Ne5 17. O-O-O Qe7 18.
Kb1 Bd7 19. f3 Reb8 20. Qe3 b5 21. d6 cxd6 22. Nd5 Qd8 23. g4 hxg4 24. h5 Be6 25. hxg6 Bxd5 26. Rh8+ Kxh8 27. Qh6+ Kg8 28. Nf5 Qf6 29.
Qh7+ Kf8 30. g7+ Ke8 31. g8=Q+ Kd7 32. Qgg7 Qxg7 33. Qxg7 Bxa2+ 34. Kxa2 gxf3 35. Qxe5 f2 1-0

[Event "*** Titled Tuesday Blitz"]
[Site "Chess.com"]
[Date "2021.02.09"]
[Round "10"]
[White "ri4mi"]
[Black "bylavochka"]
[Result "1-0"]
[WhiteElo "2337"]
[BlackElo "2086"]
[TimeControl "180+1"]
[EndTime "11:54:03 PST"]
[Termination "ri4mi won by resignation"]

1. d4 Nf6 2. Nc3 d5 3. Bf4 e6 4. e3 Be7 5. Nf3 O-O 6. Bd3 c5 7. O-O Nc6 8. dxc5 Bxc5 9. e4 dxe4 10. Nxe4 Nxe4 11. Bxe4 Qxd1 12. Raxd1 f6 13. Bd6 Bxd6 14. Rxd6 e5 15. Bd5+ Kh8 16. Bxc6 bxc6 17. Rxc6 Bg4 18. Nd2 Rfc8 19. Rc4 Rxc4 20. Nxc4 Be2 21. Ne3 Bxf1 22.
Kxf1 Kg8 23. Ke2 Kf7 24. c4 Ke6 25. Kd3 f5 26. b4 a5 27. b5 Kd6 28. Kc3 g6 29. a4 Kc5 30. Nf1 Rd8 31. Nd2 e4 32. Nb3+ Kd6 33. Nxa5 Ra8 34. Kb4 f4 35. c5+ Kd5 36.
Nc4 Kd4 37. c6 e3 38. fxe3+ fxe3 39. Nxe3 Kxe3 40. b6 Kd4 41. b7 Rb8 42. Kb5 Kd5 43. Kb6 1-0

[Event "*** Titled Tuesday Blitz"]
[Site "Chess.com"]
[Date "2021.02.09"]
[Round "10"]
[White "DonPreuss"]
[Black "NovikovaGalina"]
[Result "1-0"]
[WhiteElo "2263"]
[BlackElo "2374"]
[TimeControl "180+1"]
[EndTime "11:54:04 PST"]
[Termination "DonPreuss won by checkmate"]

1. d4 d5 2. e4 e6 3. Nc3 Bb4 4. exd5 exd5 5. Bd3 Nf6 6. Ne2 O-O 7. O-O Bg4 8. f3 Bh5 9. Ng3 Bg6 10. f4 Bxd3 11. Qxd3 c5 12. dxc5 Bxc5+ 13. Kh1 Ng4 14. Qf3 Nf6 15.
f5 Nc6 16. Bg5 Be7 17. Bxf6 Bxf6 18. Nxd5 Bxb2 19. f6 Bxa1 20. Rxa1 Ne5 21. Ne7+ Kh8 22. fxg7+ Kxg7 23. Nh5+ Kh6 24. Qf6+ Ng6 25. Nf5+ Kxh5 26.
g4+ Kxg4 27. Rg1+ Kf4 28. Ne7+ Ke3 29. Rg3+ Kd2 30. Qc3+ Ke2 31. Re3+ Kf2 32. Qe1# 1-0

[Event "*** Titled Tuesday Blitz"]
[Site "Chess.com"]
[Date "2021.02.09"]
[Round "10"]
[White "12teen"]
[Black "SergeiAza"]
[Result "1-0"]
[WhiteElo "2867"]
[BlackElo "2758"]
[TimeControl "180+1"]
[EndTime "11:54:05 PST"]
[Termination "12teen won by resignation"]

1. b3 e5 2. Bb2 Nc6 3. e3 Nf6 4. Nf3 Qe7 5. d4 e4 6. Nfd2 d6 7. c4 g6 8. d5 Ne5 9. Nc3 Bf5 10.
h3 h5 11. Nb5 Bg7 12. Nd4 O-O-O 13. a4 Rde8 14. a5 a6 15. b4 Nd3+ 16. Bxd3 exd3 17. b5 Ne4 18. Nxe4 Bxe4 19. bxa6 Bxg2 20. axb7+ Kxb7 21. a6+ Ka8 22. Qa4 Rb8 23. Qc6+ Ka7 24. Nb5+ Rxb5 25. cxb5 Rb8 26. Bxg7 f6 27. Rg1 Be4 28.
Kd2 Qxg7 29. Rgc1 f5 30. Qxc7+ Qxc7 31. Rxc7+ Kb6 32. Rc6+ Ka7 33. b6+ 1-0